 Dungeon Crawl Stone Soup version 0.29.1-1-gd02db6906a (webtiles) character file.

Game seed: 1048597370118759118

618 karrick the Trooper (level 8, -2/70 HPs)
             Began as a Meteoran Abyssal Knight on Sept 26, 2022.
             Was an Elder of Lugonu.
             Slain by an ice beast (5 damage)
             ... on level 5 of the Dungeon.
             The game lasted 00:13:19 (2015 turns).

karrick the Trooper (Meteoran Abyssal Knight)       Turns: 2015, Time: 00:13:20

Health: -2/70      AC:  3    Str: 11 (14) XL:     8   Next: 4%
Magic:  10/10      EV: 12    Int:  9 (12) God:    Lugonu [****..]
Gold:   153        SH:  0    Dex: 14 (17) Spells: 7/7 levels left

rFire   + + .      SeeInvis .   m - +5 hand axe of Conscience {vamp, rF+ rCorr}
rCold   . . .      Faith    .   (no shield)
rNeg    + . .      Spirit   .   q - +0 leather armour {rN+}
rPois   +          Reflect  .   (no helmet)
rElec   .          Harm     .   (no cloak)
rCorr   +          Rampage  .   (no gloves)
Will    +....                   (no boots)
Stlth   +.........              (no amulet)
HPRegen 0.21/turn               s - ring of protection from fire
MPRegen 0.12/turn               (no ring)

@: brilliant, flying, glowing
A: sense surroundings 1, otherworldly, glowing, explore regen, poison
resistance, subdued magic 1, inability to drink after injury 1
a: Renounce Religion, Depart the Abyss, Bend Space, Banish, Corrupt


You were on level 5 of the Dungeon.
You worshipped Lugonu.
Lugonu was greatly pleased with you.
You visited 2 branches of the dungeon, and saw 6 of its levels.
You visited the Abyss 1 time.
You also visited: Sewer.

You collected 153 gold pieces.

Inventory:

Hand Weapons
 a - a +1 mace
 m - the +5 hand axe of Conscience (weapon) {vamp, rF+ rCorr}
   (You found it on level 2 of the Dungeon)

   It occasionally heals its wielder for a portion of the damage dealt when it
   wounds a living foe.
   rF:        It protects you from fire.
   rCorr:     It protects you from acid and corrosion.
Missiles
 x - 4 boomerangs
Armour
 b - a +0 leather armour
 i - an orb of energy
 o - a +0 ring mail
 q - a +0 leather armour of positive energy (worn)
Jewellery
 s - a ring of protection from fire (left hand)
Wands
 v - a wand of quicksilver (5)
Scrolls
 d - 3 scrolls of enchant armour {unknown}
 e - a scroll of magic mapping {unknown}
 f - 2 scrolls of torment {unknown}
 g - a scroll of noise {unknown}
 h - 2 scrolls of identify {unknown}
 l - 2 scrolls of amnesia {unknown}
 p - a scroll of butterflies {unknown}
 r - 4 scrolls of summoning {unknown}
 t - a scroll of brand weapon {unknown}
 u - a scroll of teleportation {unknown}
 w - a scroll of vulnerability {unknown}
 y - a scroll of enchant weapon {unknown}
 C - a scroll of immolation {unknown}
Potions
 c - 2 potions of magic
 A - a potion of heal wounds {unknown}
 B - a potion of berserk rage {unknown}


   Skills:
 + Level 5.7 Fighting
 + Level 5.5(5.9) Axes
 - Level 3.3(5.1) Maces & Flails
 + Level 3.9 Armour
 + Level 3.8 Dodging
 + Level 2.6 Invocations


You had 7 spell levels left.
You didn't know any spells.
Your spell library contained the following spells:

 Spells                   Type           Power      Damage    Failure   Level
 Fireball                 Conj/Fire      0%         3d3       100%        5
 Iskenderun's Battlesphe  Conj           0%         2d6       100%        5
 Conjure Ball Lightning   Conj/Air       0%         3x3d6     100%        6
 Orb of Destruction       Conj           0%         9d5       100%        7


Dungeon Overview and Level Annotations

Branches:
Dungeon (5/15) Zot: 1037   Temple (1/1) D:4 Zot: 598   Sewer (visited)

Altars:
Cheibriados
Elyvilon
Fedhas
Gozag
Hepliaklqana
Kikubaaqudgha
Nemelex Xobeh
Okawaru
Sif Muna
Trog
Wu Jian


Innate Abilities, Weirdness & Mutations

You passively map a small area around you.
You are easily found by Zot.
You glow in the dark.
You regain HP and MP as you explore.
Your system is resistant to poisons. (rPois)
Your spells are a little easier to cast, but a little less powerful.
You occasionally lose the ability to drink potions when taking damage.


Message History

The orc shouts!
You hear an angry growl.
You open the door.
Found six items.
Found 17 gold pieces and a runed mace.
The ice beast hits you. The ice beast freezes you!
There is an open door here.
You barely miss the ice beast.
A black bear comes into view.
The ice beast hits you. The ice beast freezes you!
You are too injured to fight recklessly!
The ice beast attacks as you move away! The ice beast hits you.
The ice beast freezes you!
* * * LOW HITPOINT WARNING * * *
You are too injured to fight recklessly!
Okay, then.
It was a potion of magic.
Magic courses through your body. The ice beast hits you.
* * * LOW HITPOINT WARNING * * *
The ice beast freezes you!
* * * LOW HITPOINT WARNING * * *
Okay, then.
Okay, then.
Okay, then.
It was a potion of mutation.
You feel extremely strange.
You occasionally lose the ability to drink potions when taking damage.
Your connection to magic feels subdued.
You feel resistant to poisons.
The ice beast hits you but does no damage.
It was a potion of degeneration.
There was something very wrong with that liquid.
You feel weakened.
You feel dopey.
You feel clumsy. The ice beast closely misses you.
It was a potion of brilliance.
You feel clever all of a sudden. The ice beast misses you.
It was a potion of flight.
You feel very buoyant.
You fly up into the air.
The ice beast hits you.
* * * LOW HITPOINT WARNING * * *
The ice beast freezes you.
You die...

* ,* #....##,
....#....<.. *,#....#
*^ ...##.....## , ,
#..### .h#*#....## ,
,#.########'####.....
#.....).......#...##*
, ,#.......o.....#.##
* #.............#. ,
,* ####Y########.#
*** * #..@# * # , ,,
#.....#**, , ,
#(.....?# , ,
#.......# ,,,,*
#).....?# * ##!...$##
, , ##).$## * ,, ,,
,,**##### *,* , , *


You could see an ice beast.

Vanquished Creatures
  A phantom (D:5)
  2 scorpions (D:4)
  2 hounds (D:5)
  3 orc priests
  An orc wizard (D:3)
  3 gnolls
  7 adders
  3 river rats (D:3)
  3 worms (D:3)
  4 dart slugs
  21 orcs
  10 ball pythons
  5 bats
  3 endoplasms
  2 goblins
  8 hobgoblins
  13 jackals
  2 quokkas (D:2)
  6 frilled lizards
  9 kobolds
  5 rats
113 creatures vanquished.

Notes
Turn   | Place    | Note
-------+----------+-------------------------------------------
     0 | Abyss:1  | karrick the Meteoran Abyssal Knight began the quest for the
                  | Orb.
     0 | Abyss:1  | Reached XP level 1. HP: 19/19 MP: 3/3
     5 | Abyss:1  | Found a corrupted altar of Lugonu.
    33 | Abyss:1  | Noticed a ynoxinul
    35 | Abyss:1  | Noticed a quasit
    36 | D:1      | Escaped the Abyss
   154 | D:1      | Reached ** piety under Lugonu
   193 | D:1      | Reached XP level 2. HP: 7/26 MP: 4/4
   506 | D:2      | Reached XP level 3. HP: 33/33 MP: 5/5
   666 | D:2      | Identified the +5 hand axe of Conscience {vamp, rF+ rCorr}
   762 | D:2      | Found a faded altar of an unknown god.
   788 | D:2      | Reached XP level 4. HP: 27/40 MP: 6/6
   973 | D:2      | Reached skill level 1 in Axes
   983 | D:2      | Reached *** piety under Lugonu
  1025 | D:3      | Reached XP level 5. HP: 29/47 MP: 7/7
  1186 | D:3      | Reached XP level 6. HP: 30/53 MP: 8/8
  1316 | D:3      | Found a glowing drain.
  1359 | D:3      | Reached **** piety under Lugonu
  1403 | D:4      | Reached skill level 5 in Fighting
  1451 | D:3      | Reached XP level 7. HP: 30/61 MP: 9/9
  1474 | Sewer    | Entered a sewer
  1792 | D:4      | Found a staircase to the Ecumenical Temple.
  1803 | Temple   | Entered the Ecumenical Temple
  1930 | D:5      | Entered Level 5 of the Dungeon
  1965 | D:5      | Reached skill level 5 in Axes
  2005 | D:5      | Reached XP level 8. HP: 44/70 MP: 10/10
  2011 | D:5      | HP: 3/70 [ice beast (11)]
  2012 | D:5      | Gained mutation: You occasionally lose the ability to drink
                  | potions when taking damage. [potion of mutation]
  2012 | D:5      | Gained mutation: Your spells are a little easier to cast,
                  | but a little less powerful. [potion of mutation]
  2012 | D:5      | Gained mutation: Your system is resistant to poisons.
                  | (rPois) [potion of mutation]
  2015 | D:5      | Slain by an ice beast

Illustrated notes

Levels and vault maps discovered:
D:1:      ncdulo_halloftheorcs, layout_basic
D:2:      layout_basic, ebering_ecumenical_altar_box, nrook_campfire
D:3:      layout_basic, serial_corexii_hall, corexii_hall_statues_l,
          chequers_hall_statues_wall_a, portal_sewer_entry_e, minmay_cupped
D:4:      layout_rooms, minmay_temple_entry_poolview, minivault_4
D:5:      minmay_opposing_rooms, layout_cave_pools, mainiacjoe_overflow_catwalk,
          nicolae_ru_sacrificial_ziggurat
Temple:   minmay_freezing_vapour_temple

Skill      XL: |  1  2  3  4  5  6  7 |
---------------+----------------------+-----
Fighting       | 4 5 |  5.7
Maces & Flails | 3 |  3.3
Dodging        | 2 3 |  3.8
Axes           | 1 2 4 5 |  5.5
Armour         | 3 |  3.9
Invocations    | |  2.6

Action                   |  1- 3 |  4- 6 |  7- 9 || total
-------------------------+-------+-------+-------++-------
Melee: Mace              |    80 |       |       ||    80
       Hand axe          |    13 |   173 |    57 ||   243
       Punch             |       |     1 |     3 ||     4
Invok: Depart the Abyss  |     1 |       |       ||     1
  Use: Potion            |       |     3 |     5 ||     8
Armor: Leather armour    |    46 |    34 |    15 ||    95
Dodge: Dodged            |    73 |    96 |    27 ||   196
